TOP OF THE 1ST |
Calgary Lynx batting - Pitching for Naperville Battlekings : RHP William Peck
|
Pitching: RHP William Peck
|
|
Batting: RHB Darren Tomlinson
|
0-0: Foul Ball, location: 2F 0-1: Ball 1-1: Foul Ball, location: 2F 1-2: Ground out 5-3 (Groundball, 56)
|
Batting: RHB José Carlos Ramos
|
0-0: Called Strike 0-1: Swinging Strike 0-2: Foul Ball, location: 2F 0-2: Hit by Pitch
|
Batting: LHB Héctor Cortéz
|
0-0: Foul Ball, location: 2F 0-1: Foul Ball, location: 2F 0-2: Ball 1-2: Ball 2-2: Fly out, F9 (Flyball, 89D)
|
Batting: LHB Rufo Flores
|
0-0: Called Strike 0-1: Foul Ball, location: 2F 0-2: Fly out, F7 (Flyball, 78S)
|
Top of the 1st over - 0 run(s), 0 hit(s), 0 error(s), 1 left on base; Calgary 0 - Naperville 0 |
BOTTOM OF THE 1ST |
Naperville Battlekings batting - Pitching for Calgary Lynx : RHP Manuel Pader
|
Pitching: RHP Manuel Pader
|
|
Batting: RHB Matt Love
|
0-0: Ball 1-0: SINGLE (Line Drive, 34)
|
Batting: RHB Ray Porch
|
0-0: Called Strike 0-1: Swinging Strike Matt Love steals 2nd base 0-2: Ball 1-2: Foul Ball, location: 2F 1-2: Foul Ball, location: 2F 1-2: Ball 2-2: Ground out 3-1 (Groundball, 34) Matt Love to third
|
Batting: LHB Cristo Ramírez
|
0-0: Foul Ball, location: 2F 0-1: Foul Ball, location: 2F 0-2: Ball 1-2: Ground out 5-3 (Groundball, 56) Matt Love scores
|
Batting: RHB Jorge Baker
|
0-0: Ball 1-0: Foul Ball, location: 2F 1-1: Ball 2-1: Ground out 6-3 (Groundball, 6)
|
Bottom of the 1st over - 1 run(s), 1 hit(s), 0 error(s), 0 left on base; Calgary 0 - Naperville 1 |
TOP OF THE 2ND |
Calgary Lynx batting - Pitching for Naperville Battlekings : RHP William Peck
|
Batting: RHB David Ramírez
|
0-0: Ball 1-0: Ground out 3-1 (Groundball, 34)
|
Batting: RHB Hieu De
|
0-0: Ball 1-0: Ball 2-0: Foul Ball, location: 2F 2-1: Ball 3-1: Foul Ball, location: 2F 3-2: Ground out 4-3 (Groundball, 4)
|
Batting: RHB Joe Chase
|
0-0: Called Strike 0-1: SINGLE (Line Drive, 7S)
|
Batting: RHB Dusty Childress
|
0-0: Ball 1-0: Ball 2-0: Ball 3-0: Base on Balls Joe Chase to second
|
Batting: RHB Chris Woodruff
|
0-0: Ball 1-0: Ball 2-0: Foul Ball, location: 2F 2-1: Called Strike 2-2: Strikes out looking
|
Top of the 2nd over - 0 run(s), 1 hit(s), 0 error(s), 2 left on base; Calgary 0 - Naperville 1 |
BOTTOM OF THE 2ND |
Naperville Battlekings batting - Pitching for Calgary Lynx : RHP Manuel Pader
|
Batting: LHB Naohiro Sakai
|
0-0: Ball 1-0: SINGLE (Line Drive, 56D)
|
Batting: RHB Álex Rodríguez
|
0-0: Fly out, F9 (Flyball, 9D) Runner from 1st tags up, SAFE at 2nd
|
Batting: LHB Joe Cashmore
|
0-0: Ball 1-0: Called Strike 1-1: Foul Ball, location: 2F 1-2: Ball 2-2: Ball 3-2: Base on Balls
|
Batting: RHB Edward Payne
|
0-0: Foul Ball, location: 2F 0-1: Ball 1-1: Called Strike 1-2: Ball 2-2: Fly out, F8 (Flyball, 8LXD) Runner from 2nd tags up, SAFE at 3rd, no throw
|
Batting: SHB Daryl Lloyd
|
0-0: SINGLE (Groundball, 4MD) Naohiro Sakai scores Joe Cashmore to second
|
Batting: RHB Matt Love
|
0-0: Ball 1-0: Ground out 2-3 (Groundball, 2R)
|
Bottom of the 2nd over - 1 run(s), 2 hit(s), 0 error(s), 2 left on base; Calgary 0 - Naperville 2 |
TOP OF THE 3RD |
Calgary Lynx batting - Pitching for Naperville Battlekings : RHP William Peck
|
Batting: RHB Darren Tomlinson
|
0-0: Called Strike 0-1: Called Strike 0-2: Ball 1-2: Fly out, F1 (Line Drive, 13S)
|
Batting: RHB José Carlos Ramos
|
0-0: Ground out 6-3 (Groundball, 6M)
|
Batting: LHB Héctor Cortéz
|
0-0: Ball 1-0: Called Strike 1-1: Ball 2-1: Ground out 6-3 (Groundball, 6M)
|
Top of the 3rd over - 0 run(s), 0 hit(s), 0 error(s), 0 left on base; Calgary 0 - Naperville 2 |
BOTTOM OF THE 3RD |
Naperville Battlekings batting - Pitching for Calgary Lynx : RHP Manuel Pader
|
Batting: RHB Ray Porch
|
0-0: Fly out, F4 (Popup, 4)
|
Batting: LHB Cristo Ramírez
|
0-0: Ball 1-0: Called Strike 1-1: Ground out U3 (Groundball, 3S)
|
Batting: RHB Jorge Baker
|
0-0: Ball 1-0: Ground out 4-3 (Groundball, 4M)
|
Bottom of the 3rd over - 0 run(s), 0 hit(s), 0 error(s), 0 left on base; Calgary 0 - Naperville 2 |
TOP OF THE 4TH |
Calgary Lynx batting - Pitching for Naperville Battlekings : RHP William Peck
|
Batting: LHB Rufo Flores
|
0-0: Foul Ball, location: 2F 0-1: Ball 1-1: Foul Ball, location: 2F 1-2: Strikes out swinging
|
Batting: RHB David Ramírez
|
0-0: Ball 1-0: Called Strike 1-1: Called Strike 1-2: Strikes out looking
|
Batting: RHB Hieu De
|
0-0: Ball 1-0: Ball 2-0: SINGLE (Groundball, 3D)
|
Batting: RHB Joe Chase
|
0-0: Ball 1-0: Ball 2-0: SINGLE (Line Drive, 9S) Hieu De to second
|
Batting: RHB Dusty Childress
|
0-0: Ball 1-0: Foul Ball, location: 2F 1-1: Ground out 4-3 (Groundball, 4)
|
Top of the 4th over - 0 run(s), 2 hit(s), 0 error(s), 2 left on base; Calgary 0 - Naperville 2 |
BOTTOM OF THE 4TH |
Naperville Battlekings batting - Pitching for Calgary Lynx : RHP Manuel Pader
|
Batting: LHB Naohiro Sakai
|
0-0: Called Strike 0-1: Foul Ball, location: 2F 0-2: Fly out, F9 (Flyball, 9D)
|
Batting: RHB Álex Rodríguez
|
0-0: DOUBLE (Flyball, 89XD)
|
Batting: LHB Joe Cashmore
|
0-0: Ball 1-0: Called Strike 1-1: Ball 2-1: Called Strike 2-2: Ball 3-2: Ground out U3 (Groundball, 3) Álex Rodríguez to third
|
Batting: RHB Edward Payne
|
0-0: Called Strike 0-1: Swinging Strike 0-2: Ball 1-2: Ball 2-2: Foul Ball, location: 2F 2-2: Ball 3-2: Fly out, F9 (Flyball, 89XD)
|
Bottom of the 4th over - 0 run(s), 1 hit(s), 0 error(s), 1 left on base; Calgary 0 - Naperville 2 |
TOP OF THE 5TH |
Calgary Lynx batting - Pitching for Naperville Battlekings : RHP William Peck
|
Batting: RHB Chris Woodruff
|
0-0: Swinging Strike 0-1: Hit by Pitch
|
Batting: RHB Darren Tomlinson
|
0-0: Sac Bunt - play at first, batter OUT! 1-3 Chris Woodruff to second
|
Batting: RHB José Carlos Ramos
|
0-0: Ball 1-0: Ball 2-0: Called Strike 2-1: Ball 3-1: Base on Balls
|
Batting: LHB Héctor Cortéz
|
0-0: Called Strike 0-1: Foul Ball, location: 2F 0-2: Grounds into double play, 4-6-3 (Groundball, 4)
|
Top of the 5th over - 0 run(s), 0 hit(s), 0 error(s), 1 left on base; Calgary 0 - Naperville 2 |
BOTTOM OF THE 5TH |
Naperville Battlekings batting - Pitching for Calgary Lynx : RHP Manuel Pader
|
Batting: SHB Daryl Lloyd
|
0-0: Called Strike 0-1: Ball 1-1: Ball 2-1: Ground out 5-3 (Groundball, 56S)
|
Batting: RHB Matt Love
|
0-0: Called Strike 0-1: Ball 1-1: Foul Ball, location: 2F 1-2: Ground out 6-3 (Groundball, 6M)
|
Batting: RHB Ray Porch
|
0-0: Ball 1-0: Fly out, F8 (Flyball, 8RM)
|
Bottom of the 5th over - 0 run(s), 0 hit(s), 0 error(s), 0 left on base; Calgary 0 - Naperville 2 |
TOP OF THE 6TH |
Calgary Lynx batting - Pitching for Naperville Battlekings : RHP William Peck
|
Batting: LHB Rufo Flores
|
0-0: Ball 1-0: Ball 2-0: Called Strike 2-1: Swinging Strike 2-2: Strikes out swinging
|
Batting: RHB David Ramírez
|
0-0: Ball 1-0: Ball 2-0: Foul Ball, location: 2F 2-1: Fly out, F5 (Popup, 5F)
|
Batting: RHB Hieu De
|
0-0: Ball 1-0: Ball 2-0: DOUBLE (Flyball, 89M)
|
Batting: RHB Joe Chase
|
0-0: Fly out, F8 (Flyball, 8LD)
|
Top of the 6th over - 0 run(s), 1 hit(s), 0 error(s), 1 left on base; Calgary 0 - Naperville 2 |
BOTTOM OF THE 6TH |
Naperville Battlekings batting - Pitching for Calgary Lynx : RHP Manuel Pader
|
Batting: LHB Cristo Ramírez
|
0-0: Foul Ball, location: 2F 0-1: Ball 1-1: Ground out 6-3 (Groundball, 6)
|
Batting: RHB Jorge Baker
|
0-0: Ground out 6-3 (Groundball, 6)
|
Batting: LHB Naohiro Sakai
|
0-0: SINGLE (Groundball, 34)
|
Batting: RHB Álex Rodríguez
|
0-0: Ball 1-0: Swinging Strike 1-1: Ball 2-1: Fielders Choice at 2nd, 5-4 (Groundball, 56)
|
Bottom of the 6th over - 0 run(s), 1 hit(s), 0 error(s), 0 left on base; Calgary 0 - Naperville 2 |
TOP OF THE 7TH |
Calgary Lynx batting - Pitching for Naperville Battlekings : RHP William Peck
|
Batting: RHB Dusty Childress
|
0-0: Ball 1-0: Fly out, F7 (Flyball, 78M)
|
Batting: RHB Chris Woodruff
|
0-0: Ball 1-0: Swinging Strike 1-1: Ball 2-1: Ball 3-1: Base on Balls
|
Pitching: RHP David Francisco
|
|
Batting: RHB Darren Tomlinson
|
0-0: Ball 1-0: Ball 2-0: Ball 3-0: Called Strike 3-1: Foul Ball, location: 2F 3-2: Ground out 6-3 (Groundball, 6MS) Chris Woodruff to second
|
Batting: RHB José Carlos Ramos
|
0-0: Ball 1-0: Swinging Strike 1-1: 2-RUN HOME RUN (Flyball, 78XD), Distance : 402 ft
|
Batting: LHB Héctor Cortéz
|
0-0: Called Strike 0-1: Ball 1-1: Ball 2-1: Ball 3-1: SINGLE (Groundball, 34D)
|
Batting: LHB Rufo Flores
|
0-0: Ball 1-0: Ball 2-0: Swinging Strike 2-1: Foul Ball, location: 2F 2-2: Foul Ball, location: 2F 2-2: Foul Ball, location: 2F 2-2: Ball 3-2: Foul Ball, location: 2F 3-2: Base on Balls Héctor Cortéz to second
|
Pinch Hitting: LHB Sébastien Rolland
|
0-0: Ball 1-0: SINGLE (Flyball, 78M) Héctor Cortéz to third Rufo Flores to second Runner from 3rd tries for Home, SAFE, no throw or cutoff
|
Batting: RHB Hieu De
|
0-0: Ball 1-0: Ball 2-0: Foul Ball, location: 2F 2-1: Swinging Strike 2-2: Fielders Choice at 2nd, 6-4 (Groundball, 6)
|
Top of the 7th over - 3 run(s), 3 hit(s), 0 error(s), 1 left on base; Calgary 3 - Naperville 2 |
BOTTOM OF THE 7TH |
Naperville Battlekings batting - Pitching for Calgary Lynx : RHP Manuel Pader
|
Now at 3B: John Huff
|
|
Batting: LHB Joe Cashmore
|
0-0: Ball 1-0: SINGLE (Groundball, 34D)
|
Batting: RHB Edward Payne
|
0-0: Fly out, F1 (Popup, 13)
|
Batting: SHB Daryl Lloyd
|
0-0: Ball 1-0: Ball 2-0: Ball 3-0: Called Strike 3-1: Base on Balls Joe Cashmore to second
|
Batting: RHB Matt Love
|
0-0: Ball 1-0: Swinging Strike 1-1: Swinging Strike 1-2: Ball 2-2: Foul Ball, location: 2F 2-2: Foul Ball, location: 2F 2-2: Ball 3-2: Fly out, F7 (Line Drive, 7S)
|
Batting: RHB Ray Porch
|
0-0: Ball 1-0: Swinging Strike 1-1: Ground out 4-3 (Groundball, 4)
|
Bottom of the 7th over - 0 run(s), 1 hit(s), 0 error(s), 2 left on base; Calgary 3 - Naperville 2 |
TOP OF THE 8TH |
Calgary Lynx batting - Pitching for Naperville Battlekings : RHP David Francisco
|
Batting: RHB Joe Chase
|
0-0: Foul Ball, location: 2F 0-1: Ball 1-1: Foul Ball, location: 2F 1-2: Ball 2-2: Fly out, F3 (Popup, 34S)
|
Batting: RHB Dusty Childress
|
0-0: Called Strike 0-1: SINGLE (Line Drive, 7LS)
|
Pinch Hitting: LHB Luis Rodríguez
|
0-0: Ball Passed Ball! Dusty Childress to second 1-0: Intentional Walk
|
Batting: RHB Darren Tomlinson
|
0-0: Ball 1-0: Called Strike 1-1: Called Strike 1-2: Ball 2-2: Grounds into double play, 4-6-3 (Groundball, 4)
|
Top of the 8th over - 0 run(s), 1 hit(s), 0 error(s), 1 left on base; Calgary 3 - Naperville 2 |
BOTTOM OF THE 8TH |
Naperville Battlekings batting - Pitching for Calgary Lynx : RHP Manuel Pader
|
Pitching: LHP Chang-soo Kim
|
|
Now at SS: Harris Harden
|
|
Batting: LHB Cristo Ramírez
|
0-0: Ball 1-0: SINGLE (Groundball, 4M)
|
Pitching: LHP Alonso García
|
|
Batting: RHB Jorge Baker
|
0-0: Fly out, F4 (Popup, 34D)
|
Pinch Hitting: RHB António Guzmán
|
0-0: Grounds into double play, 1-4-3 (Groundball, 13S)
|
Bottom of the 8th over - 0 run(s), 1 hit(s), 0 error(s), 0 left on base; Calgary 3 - Naperville 2 |
TOP OF THE 9TH |
Calgary Lynx batting - Pitching for Naperville Battlekings : RHP David Francisco
|
Now at SS: Joe Ferneyhough
|
|
Batting: RHB José Carlos Ramos
|
0-0: Ball 1-0: Called Strike 1-1: Foul Ball, location: 2F 1-2: Ball 2-2: Ball 3-2: Base on Balls
|
Pitching: RHP Dave Ponsonby
|
|
Batting: LHB Héctor Cortéz
|
0-0: Fly out, F7 (Flyball, 7LM)
|
Batting: LHB Rufo Flores
|
0-0: Ball 1-0: DOUBLE (Groundball, 5) José Carlos Ramos to third
|
Batting: RHB John Huff
|
0-0: Ball 1-0: Foul Ball, location: 2F 1-1: Ball 2-1: Foul Ball, location: 2F 2-2: Strikes out looking
|
Batting: RHB Hieu De
|
0-0: Called Strike 0-1: Ball 1-1: Fly out, F1 (Line Drive, 13)
|
Top of the 9th over - 0 run(s), 1 hit(s), 0 error(s), 2 left on base; Calgary 3 - Naperville 2 |
BOTTOM OF THE 9TH |
Naperville Battlekings batting - Pitching for Calgary Lynx : LHP Alonso García
|
Pitching: RHP Jim Atkinson
|
|
Batting: RHB Álex Rodríguez
|
0-0: Ball 1-0: Foul Ball, location: 2F 1-1: Called Strike 1-2: Foul Ball, location: 2F 1-2: Foul Ball, location: 2F 1-2: Strikes out swinging
|
Batting: LHB Joe Cashmore
|
0-0: Swinging Strike 0-1: Ball 1-1: Ball 2-1: Swinging Strike 2-2: SINGLE (Groundball, 34D)
|
Batting: RHB Edward Payne
|
0-0: Ball 1-0: Called Strike 1-1: DOUBLE (Line Drive, 9LS) Joe Cashmore to third
|
Batting: SHB Daryl Lloyd
|
0-0: Ball 1-0: Called Strike 1-1: Ball 2-1: Foul Ball, location: 2F 2-2: DOUBLE (Line Drive, 78M) Joe Cashmore scores Edward Payne scores
|
|